 Dungeon Crawl Stone Soup version 0.31.0-12-g77e489cdc1 (webtiles) character file.

Game seed: 4947948526790649193

3248 Stomo444 the Trooper (level 9, -2/69 (72) HPs)
             Began as a Demonspawn Berserker on Feb 28, 2024.
             Was an Elder of Trog.
             Slain by a vampire
             ... wielding a +0 dagger
              (11 damage)
             ... on level 6 of the Dungeon.
             The game lasted 00:17:50 (6852 turns).

Stomo444 the Trooper (Demonspawn Berserker)         Turns: 6852, Time: 00:17:51

HP:   -2/69 (72)    AC: 10    Str: 22    XL:     9   Next: 67%
MP:   9/9           EV: 16    Int:  8    God:    Trog [****..]
Gold: 515           SH:  0    Dex: 18    Spells: 8/8 levels left

rFire   . . .        c - +2 whip (drain)
rCold   + + .        (no shield)
rNeg    . . .        F - +0 steam dragon scales
rPois   .            j - +2 hat of Fortification {rC++ Will++}
rElec   .            (no cloak)
rCorr   .            o - +1 pair of gloves
SInv    .            (no boots)
Will    ++...        w - amulet of the acrobat
Stlth   ++           B - +6 ring of dexterity
HPRegen 0.31/turn    (no ring)
MPRegen 0.11/turn

%: acrobat
@: mighty, lightly drained
A: sturdy frame 2, demonic magic 1, weakness stinger 2, inability to read after
injury 1, MP-powered wands
a: Renounce Religion, Berserk, Trog's Hand, Brothers in Arms


You were on level 6 of the Dungeon.
You worshipped Trog.
Trog was greatly pleased with you.
You visited 1 branch of the dungeon, and saw 7 of its levels.

You collected 515 gold pieces.

Inventory:

Hand Weapons
 a - a +0 mace
 c - a +2 whip of draining (weapon)
 z - a +4 mace
Armour
 b - a +0 animal skin
 j - the +2 hat of Fortification (worn) {rC++ Will++}
   (You acquired it on level 3 of the Dungeon)

   rC++:      It greatly protects you from cold.
   Will++:    It greatly increases your willpower.
 k - an orb of wrath
 o - a +1 pair of gloves (worn)
 s - a +0 helmet
 t - a +0 ring mail
 F - +0 steam dragon scales (worn)
Jewellery
 p - a ring of ice
 w - an amulet of the acrobat (around neck)
 B - a +6 ring of dexterity (left hand)
Talismans
 y - a blade talisman
 C - a beast talisman
Wands
 m - a wand of flame (18)
 n - a wand of mindburst (9)
Scrolls
 d - 2 scrolls of identify
 f - 7 scrolls of amnesia
 q - a scroll of revelation
 v - a scroll of vulnerability {unknown}
Potions
 e - 4 potions of enlightenment
 g - 2 potions of degeneration
 l - 2 potions of might
 r - 2 potions of berserk rage {unknown}
 x - 3 potions of curing {unknown}
 A - a potion of resistance {unknown}
 D - a potion of heal wounds {unknown}
 E - a potion of brilliance {unknown}


   Skills:
 + Level 7.4 Fighting
 + Level 6.9 Maces & Flails
 + Level 6.5 Armour
 + Level 6.5 Dodging


You had 8 spell levels left.
You didn't know any spells.
Your spell library was empty.

Dungeon Overview and Level Annotations

Branches:
Dungeon (7/15)             Temple (0/1) D:7

Altars:
Cheibriados
Dithmenos
Fedhas
Kikubaaqudgha
Nemelex Xobeh
Okawaru
Sif Muna
Wu Jian

Shops:
D:4 :*   D:5 **

Annotations:
D:7 Jeremiah


Innate Abilities, Weirdness & Mutations

Your movements are less encumbered by armour. (ER -4)
Spells you cast may paralyse adjacent enemies.
You have a tail ending in a sharp stinger.
You occasionally lose the ability to read scrolls when taking damage.
You expend magic power (3 MP) to strengthen your wands.


Message History

Deactivating autopickup; reactivate with Ctrl-A.
You hit something but do no damage. You tail-slap something!
Something hits you! Something bites you.
Something draws strength from your injuries!
You hit something but do no damage.
As you read the scroll of fear, it crumbles to dust.
You assume a fearsome visage.
Nothing appears to happen.
Something hits you. Something bites you.
* * * LOW HITPOINT WARNING * * *
Something draws strength from your injuries!
There is an open door here.
Something completely misses you. Something closely misses you.
Something barely misses you. Something bites you but does no damage.
There is an open door here.
Something misses you. Something closely misses you.
There is a stone staircase leading down here.
As you read the scroll of fear, it crumbles to dust.
You assume a fearsome visage.
Nothing appears to happen.
Something hits you.
* * * LOW HITPOINT WARNING * * *
Something bites you.
* * * LOW HITPOINT WARNING * * *
Something draws strength from your injuries!
Something closely misses you. Something completely misses you.
You see here a +0 falchion.
Blink to where?
Press: ? - help, Dir - move target
As you read the scroll of blinking, it crumbles to dust.
It was a potion of might.
You feel very mighty all of a sudden.
It was a potion of mutation.
You feel extremely strange.
You occasionally lose the ability to read scrolls when taking damage.
You feel your magical essence link to the dungeon's wands.
Something hits you but does no damage. Something bites you.
* * * LOW HITPOINT WARNING * * *
Something draws strength from your injuries!
Okay, then.
Okay, then.
Your ogre goes berserk!
Something hits you but does no damage. Something bites you!
You die...

#.###...#######'# #.#
#......#.#.'....# #.#
#...##.##..#.88.# ####.#
#...##.##>.#.88.##### #.##.#
#...##.##{##....#...# #....#
#......#.##########.###.####
#.##))..######### ##...## #
#.##[#......O...# ##.## #
#.##)#.....@....## #.# #
#.##)#######.....# ##.# #
#.##.##..........# #..# #
#.##.#⌠.⌠###.....# #.## #
#.##..._..###...####.#######
#.....⌠.⌠...................
######...######.####.#######
#.#.# #.# #.# #.#.#
#.####.####


You could see a friendly ogre (summoned, berserk).

Vanquished Creatures
  Maggie (D:6)
  Sigmund (D:3)
  A wyvern (D:7)
  A yak (D:6)
  A water moccasin (D:5)
  A sky beast (D:7)
  2 black bears (D:5)
  2 ice beasts
  3 ogres
  3 phantoms
  A bullfrog (D:5)
  3 scorpions
  5 killer bees (D:7)
  A howler monkey (D:7)
  3 hounds
  2 jellies
  3 orc priests
  3 bombardier beetles
  A sleepcap (D:5)
  9 iguanas
  2 orc wizards
  Robin (D:1)
  4 gnolls (D:4)
  8 adders
  2 river rats (D:6)
  A shadow imp (D:7)
  2 white imps
  7 ufetubi
  3 dart slugs
  3 ribbon worms
  23 orcs
  10 ball pythons
  8 endoplasms
  3 giant cockroaches
  14 goblins
  11 hobgoblins
  5 jackals
  5 quokkas
  7 bats
  5 frilled lizards
  11 kobolds
  4 rats
186 creatures vanquished.

Notes
Turn   | Place    | Note
-------+----------+-------------------------------------------
     0 | D:1      | Stomo444 the Demonspawn Berserker began the quest for the
                  | Orb.
     0 | D:1      | Reached XP level 1. HP: 18/18 MP: 1/1
   238 | D:1      | Gained mutation: You have a small tail. [demonic ancestry]
   238 | D:1      | Reached XP level 2. HP: 19/24 MP: 2/2
   493 | D:1      | Gained mutation: Your movements are slightly less
                  | encumbered by armour. (ER -2) [demonic ancestry]
   493 | D:1      | Reached XP level 3. HP: 29/29 MP: 3/3
   720 | D:2      | Noticed Robin
   726 | D:1      | Killed Robin
   792 | D:2      | Reached ** piety under Trog
   984 | D:3      | Found a faded altar of an unknown god.
  1015 | D:2      | Gained mutation: Spells you cast may paralyse adjacent
                  | enemies. [demonic ancestry]
  1015 | D:2      | Reached XP level 4. HP: 16/35 MP: 4/4
  1481 | D:3      | Identified a scroll of acquirement
  1481 | D:3      | Acquired the +2 hat of Fortification {rC++ Will++}
  1606 | D:3      | Found a shadowy altar of Dithmenos.
  1697 | D:3      | Noticed Sigmund
  1719 | D:3      | Killed Sigmund
  1720 | D:3      | Reached skill level 4 in Fighting
  1720 | D:3      | Gained mutation: Your movements are less encumbered by
                  | armour. (ER -4) [demonic ancestry]
  1720 | D:3      | Reached XP level 5. HP: 7/42 MP: 5/5
  1720 | D:3      | Reached XP level 6. HP: 9/48 MP: 6/6
  1897 | D:3      | Reached *** piety under Trog
  2654 | D:4      | Identified the +5 whip of Honon {drain, ^Contam Fly rF+
                  | Will+}
  2669 | D:4      | Found Xuvuc's Self-Improvement Boutique.
  2783 | D:4      | Reached XP level 7. HP: 55/55 MP: 7/7
  2828 | D:4      | Found an ancient bone altar of Kikubaaqudgha.
  2830 | D:4      | Found a blossoming altar of Fedhas.
  2868 | D:4      | Found Rarep's Assorted Antiques.
  3264 | D:5      | Entered Level 5 of the Dungeon
  3347 | D:5      | Reached skill level 5 in Fighting
  3447 | D:5      | Reached **** piety under Trog
  3660 | D:5      | Reached skill level 5 in Maces & Flails
  3660 | D:5      | Reached XP level 8. HP: 56/63 MP: 8/8
  3744 | D:5      | Found Xoys's Assorted Antiques.
  3948 | D:5      | Reached skill level 5 in Dodging
  3991 | D:5      | Reached skill level 5 in Armour
  4245 | D:5      | Reached skill level 6 in Fighting
  4253 | D:5      | Found Hicve's Assorted Antiques.
  4292 | D:5      | Found an ornate altar of the Wu Jian Council.
  4292 | D:5      | Found a snail-covered altar of Cheibriados.
  4584 | D:6      | Found a sparkling altar of Nemelex Xobeh.
  5011 | D:6      | Gained mutation: You have a tail ending in a sharp stinger.
                  | [demonic ancestry]
  5011 | D:6      | Reached XP level 9. HP: 60/71 MP: 9/9
  5072 | D:6      | Noticed Maggie
  5091 | D:6      | Killed Maggie
  5397 | D:6      | HP: 2/71 [something (5)]
  5547 | D:7      | Reached skill level 7 in Fighting
  5591 | D:7      | Found a staircase to the Ecumenical Temple.
  5656 | D:7      | Reached ***** piety under Trog
  5833 | D:7      | Noticed Jeremiah
  6370 | D:7      | Found an iron altar of Okawaru.
  6458 | D:7      | Found a shimmering blue altar of Sif Muna.
  6851 | D:6      | Gained mutation: You occasionally lose the ability to read
                  | scrolls when taking damage. [potion of mutation]
  6851 | D:6      | Gained mutation: You expend magic power (3 MP) to
                  | strengthen your wands. [potion of mutation]
  6852 | D:6      | Slain by a vampire

Illustrated notes

Levels and vault maps discovered:
D:1:      amcnicky_arrival_flooded_fountain, layout_rooms,
          chequers_serial_rivers_micro_b, hangedman_decor_clover_reticule
D:2:      layout_rooms, minmay_split_cup_large, uniq_robin
D:3:      layout_basic, lemuel_crystal_altar, nicolae_ecumenical_pavilion,
          uniq_sigmund
D:4:      layout_basic, grunt_temple_overflow_growth_and_decay,
          mainiacjoe_overflow_small_starburst, serial_shops, shop,
          nicolae_shop_self_help
D:5:      layout_basic, gammafunk_temple_overflow_pools, serial_shops,
          nicolae_shop_overgrown_old_shop, nicolae_shop_tiny_waterfront
D:6:      minmay_chambers_of_fours, layout_loops_ring,
          nemelex_xobeh_ov_fountains_minmay, portal_sewer_entry_b,
          chequers_serial_rivers_large_a, uniq_maggie
D:7:      layout_loops_ring, okawaru_trees_2, overflow_temple_1_default,
          minmay_temple_entry_wispy, uniq_jeremiah

Skill      XL: |  1  2  3  4  5  6  7  8  9 |
---------------+----------------------------+-----
Armour         | 2 3 4 5 6 |  6.5
Dodging        | 2 3 4 5 6 |  6.5
Maces & Flails | 3 4 5 6 |  6.9
Fighting       | 4 5 6 7 |  7.4

Action                     |  1- 3 |  4- 6 |  7- 9 || total
---------------------------+-------+-------+-------++-------
  Melee: Mace              |     7 |       |       ||     7
         Whip              |    89 |   153 |   482 ||   724
         Tailslap          |     3 |    19 |    62 ||    84
         Punch             |       |       |     5 ||     5
 Invoke: Berserk           |     4 |     2 |     3 ||     9
         Trog's Hand       |       |       |     2 ||     2
         Brothers in Arms  |       |       |     1 ||     1
    Use: Scroll            |       |    10 |     8 ||    18
         Potion            |       |       |     2 ||     2
   Stab: Sleeping          |     1 |       |     3 ||     4
 Armour: Animal skin       |    36 |       |       ||    36
         Ring mail         |    38 |   102 |   198 ||   338
         Steam dragon scal |       |       |    16 ||    16
  Dodge: Dodged            |    93 |    77 |   312 ||   482
